 Dungeon Crawl Stone Soup version 0.28.0-53-g5a82cb258f (webtiles) character file.

Game seed: 9115420834402717105

2 ILmort the Digger (level 1, 0/10 HPs)
             Began as a Gargoyle Earth Elementalist on Aug 6, 2022.
             Slain by a kobold
             ... wielding a +0 short sword
              (3 damage)
             ... on level 1 of the Dungeon.
             The game lasted 00:01:01 (56 turns).

ILmort the Digger (Gargoyle Earth Elementalist)       Turns: 56, Time: 00:01:01

Health: 0/10       AC:  4    Str: 11    XL:     1   Next: 30%
Magic:  1/3        EV: 12    Int: 15    God:
Gold:   0          SH:  0    Dex: 10    Spells: 3/4 levels left

rFire   . . .      SeeInvis .   (no weapon)
rCold   . . .      Faith    .   (no shield)
rNeg    + . .      Spirit   .   b - +0 robe
rPois   ∞          Reflect  .   (no helmet)
rElec   +          Harm     .   (no cloak)
rCorr   .          Rampage  .   (no gloves)
Will    .....                   (no boots)
Stlth   ++........              (no amulet)
HPRegen 0.03/turn               (no ring)
MPRegen 0.08/turn               (no ring)

@: no status effects
A: sickness immunity, AC +2, negative energy resistance 1, electricity
resistance, torment resistance 1, petrification resistance
a: no special abilities


You were on level 1 of the Dungeon.
You visited 1 branch of the dungeon, and saw 1 of its levels.

Inventory:

Missiles
 c - 27 stones
Armour
 b - a +0 robe (worn)


   Skills:
 + Level 1.6 Dodging
 + Level 2.2 Stealth
 + Level 2.0 Spellcasting
 + Level 0.8 Transmutations
 + Level 3.6 Earth Magic


You had 3 spell levels left.
You knew the following spells:

 Your Spells              Type           Power      Damage    Failure   Level
a - Sandblast             Erth           24%        2d8       4%          1

Your spell library contained the following spells:

 Spells                   Type           Power      Damage    Failure   Level
 Passwall                 Tmut/Erth      6%         N/A       14%         2
 Stone Arrow              Conj/Erth      14%        3d7       30%         3
 Petrify                  Tmut/Erth      8%         N/A       65%         4


Dungeon Overview and Level Annotations

Branches:
Dungeon (1/15)

Altars:


Innate Abilities, Weirdness & Mutations

You are immune to sickness and miasma.
Your stone body is resilient. (AC +2)
You are immune to poison.
You resist negative energy. (rN+)
You are resistant to electric shocks. (rElec)
You are resistant to unholy torment.
You are immune to petrification.


Message History

Aim: a ball python (77% to hit)
The blast of sand hits the ball python!
You kill the ball python!
The kobold throws a stone.
The stone barely misses you.
Casting: Sandblast (safe; 4% risk of failure)
Confirm with . or Enter, or press ? or * to list all spells.
Aiming: Sandblast (safe; 4% risk of failure)
Press: ? - help, Shift-Dir - straight line, f - kobold
Aim: a kobold, wielding a +0 short sword and quivering stones (74% to hit)
The blast of sand misses the kobold.
The kobold throws a stone.
The stone barely misses you.
Casting: Sandblast (safe; 4% risk of failure)
Confirm with . or Enter, or press ? or * to list all spells.
You don't have enough magic to cast this spell.
Unknown command.
Casting: Sandblast (safe; 4% risk of failure)
Confirm with . or Enter, or press ? or * to list all spells.
You don't have enough magic to cast this spell.
You enter the shallow water.
Moving in this stuff is going to be slow.
The kobold throws a stone.
The stone hits you but does no damage.
The kobold hits you with a +0 short sword.
You hit the kobold but do no damage. The kobold hits you but does no damage.
You miss the kobold.
The kobold hits you with a +0 short sword.
You closely miss the kobold. The kobold closely misses you.
You hit the kobold.
The kobold is severely wounded.
The kobold hits you but does no damage.
You miss the kobold.
The kobold is severely wounded.
The kobold hits you with a +0 short sword.
* * * LOW HITPOINT WARNING * * *
You hit the kobold but do no damage.
The kobold is severely wounded.
The kobold barely misses you.
You hit the kobold but do no damage.
The kobold is severely wounded.
The kobold hits you with a +0 short sword.
You die...

#.⌠.#.⌠.#####.##≈.≈≈≈≈≈
#...#...#...#.##.≈≈≈≈≈≈
##.###.####......≈≈≈≈##
#.# #.##........≈≈≈≈.#
##.###.###..#....≈≈≈≈.##
#...#...##.##..#.≈≈≈≈...
..⌠.#.⌠.'..##....≈≈≈≈≈..
#...#...#..###..≈≈≈≈≈≈.#
#########....#.†@≈≈≈≈..#
.....#.#K≈≈≈≈≈##
......#.#≈≈≈≈≈.#
.......#.#.≈.≈≈.#
#########.#.≈≈≈≈.#
####≈≈≈.≈.. ≈≈≈≈≈..
≈≈≈≈≈..


You could see a kobold.

Vanquished Creatures
  An endoplasm (D:1)
  A ball python (D:1)
2 creatures vanquished.

Notes
Turn   | Place    | Note
-------+----------+-------------------------------------------
     0 | D:1      | ILmort the Gargoyle Earth Elementalist began the quest for
                  | the Orb.
     0 | D:1      | Reached XP level 1. HP: 10/10 MP: 3/3
    56 | D:1      | Slain by a kobold

Illustrated notes

Levels and vault maps discovered:
D:1:      minmay_arrival_nine_rooms, layout_rooms,
          chequers_serial_rivers_large_a, minmay_crystal_water,
          minmay_misc_feat_roman, minmay_misc_feat_x

Action                   || total
-------------------------++-------
Melee: Unarmed           ||     7
 Cast: Sandblast         ||     3
Armor: Robe              ||     3
Dodge: Dodged            ||     4
